[Event "Team 45 45 League T56"]
[Site "Internet Chess Club"]
[Date "2013.02.21"]
[Round "1"]
[White "justice02"]
[Black "bgolev"]
[Result "1-0"]
[WhiteElo "1717"]
[BlackElo "1782"]
[Opening "English: symmetrical, main line with d3"]
[ECO "A30"]
[Time "21:00:36"]
[TimeControl "2700+45"]

1. c4 c5 2. g3 g6 3. Bg2 Bg7 4. Nf3 Nf6 5. O-O O-O 6. d3 Nc6 7. Nc3 d6 8. Rb1
Rb8 9. Bd2 Bd7 10. h3 a6 11. g4 e6 12. Qc1 b5 13. Bg5 Qc7 14. Qf4 e5 15. Qg3 Ne7
16. Qh4 Be6 17. Bxf6 Bxf6 18. Qxf6 bxc4 19. dxc4 Bxc4 20. b3 Bxe2 21. Nxe2
{Black resigns} 1-0

[Event "Team 45 45 League T56"]
[Site "Internet Chess Club"]
[Date "2013.02.23"]
[Round "1"]
[White "xwang1"]
[Black "Chatica"]
[Result "0-1"]
[WhiteElo "2005"]
[BlackElo "2272"]
[Opening "Sicilian: Labourdonnais-Löwenthal (Kalashnikov) variation"]
[ECO "B32"]
[Time "22:06:29"]
[TimeControl "2700+45"]

1. e4 c5 2. Nf3 Nc6 3. d4 cxd4 4. Nxd4 e5 5. Nb5 d6 6. N1c3 a6 7. Na3 Be6 8. Nc4
Rb8 9. a4 Be7 10. Nd5 Nf6 11. f3 O-O 12. Nxe7+ Qxe7 13. Qxd6 Qxd6 14. Nxd6 Nb4
15. Bd3 Rfd8 16. Nf5 Rxd3 17. cxd3 Nc2+ 18. Ke2 Nxa1 19. f4 Bxf5 20. exf5 e4 21.
dxe4 Nxe4 22. Kf3 {White resigns} 0-1

[Event "Team 45 45 League T56"]
[Site "Internet Chess Club"]
[Date "2013.02.23"]
[Round "1"]
[White "alexping"]
[Black "primerpaso"]
[Result "1-0"]
[WhiteElo "1953"]
[BlackElo "1899"]
[Opening "QGD: 4.Nf3"]
[ECO "D37"]
[Time "23:05:54"]
[TimeControl "2700+45"]

1. d4 Nf6 2. c4 e6 3. Nf3 d5 4. Nc3 Be7 5. e3 O-O 6. Bd3 c5 7. b3 Nc6 8. O-O Bd7
9. Bb2 cxd4 10. exd4 Rc8 11. a3 dxc4 12. bxc4 Qa5 13. d5 exd5 14. cxd5 Nb8 15.
Re1 Rfe8 16. Qb3 Na6 17. Bxa6 Qxa6 18. Ne5 Qd6 19. Rad1 Bf8 20. Nb5 Bxb5 21.
Qxb5 Rc2 22. Qxb7 Qe7 23. Qb3 Qc5 24. Bd4 Qc8 25. Nxf7 Rxe1+ 26. Rxe1 Kxf7 27.
d6+ Kg6 28. Bxf6 Kxf6 29. d7 Rc1 30. Qe6+ Kg5 31. dxc8=Q {Black resigns} 1-0

[Event "Team 45 45 League T56"]
[Site "Internet Chess Club"]
[Date "2013.02.24"]
[Round "1"]
[White "cesaralexander"]
[Black "bobhill"]
[Result "1-0"]
[WhiteElo "1975"]
[BlackElo "1865"]
[Opening "QGD: Charousek (Petrosian) variation"]
[ECO "D31"]
[Time "14:00:53"]
[TimeControl "2700+45"]

1. d4 d5 2. c4 e6 3. Nc3 Be7 4. cxd5 exd5 5. Bf4 Nf6 6. e3 O-O 7. Nge2 c6 8. Ng3
Na6 9. Bd3 Nc7 10. Nf5 Ne6 11. Bg3 c5 12. Nxe7+ Qxe7 13. O-O cxd4 14. exd4 Kh8
15. Bh4 Nf4 16. Bc2 Be6 17. Qf3 Ng6 18. Bxf6 Qxf6 19. Qxf6 gxf6 20. Rfe1 Nh4 21.
Re3 Rg8 22. g3 f5 23. Kh1 f4 24. Re5 fxg3 25. fxg3 Nf3 26. Rh5 Rg7 27. Rd1 Ng5
28. Rh4 a6 29. Rf1 Rc8 30. Bf5 b5 31. Kg1 b4 32. Nxd5 Bxf5 33. Rxf5 Rc1+ 34. Kf2
Rc2+ 35. Ke3 Rxb2 36. Kd3 a5 37. Nf6 b3 38. axb3 Rxb3+ 39. Kc2 a4 40. d5 Nf3 41.
Rxa4 Rb8 42. Rxf3 Rg5 43. Rh4 Kg7 44. Rxh7+ Kg6 45. h4 Re5 46. h5+ Kg5 47. Rg7+
Kh6 48. Ng4+ Kxg7 49. Nxe5 Kh6 50. g4 Rb4 51. Nxf7+ Kg7 52. Ne5 Rd4 53. Rd3 Ra4
54. d6 Re4 55. d7 {Black resigns} 1-0

[Event "Team 45 45 League T56"]
[Site "Internet Chess Club"]
[Date "2013.02.23"]
[Round "1"]
[White "rubo"]
[Black "CaoCao"]
[Result "0-1"]
[WhiteElo "1698"]
[BlackElo "1872"]
[Opening "Bird: From gambit, Lasker variation"]
[ECO "A02"]
[Time "21:34:04"]
[TimeControl "2700+45"]

1. f4 e5 2. fxe5 d6 3. exd6 Bxd6 4. Nf3 g5 5. d4 g4 6. Ng5 Nf6 7. e4 h6 8. e5
hxg5 9. exd6 Qxd6 10. g3 Nc6 11. c3 Ne4 12. Qe2 Bf5 13. Bg2 O-O-O 14. Bxe4 Bxe4
15. O-O Bf3 16. Qd3 Rxh2 17. Rxf3 gxf3 18. Qxf3 Rdh8 19. Bxg5 Rh1+ 20. Kf2 R8h2+
21. Ke3 Re1+ 22. Kd3 Ne5# {White checkmated} 0-1

[Event "Team 45 45 League T56"]
[Site "Internet Chess Club"]
[Date "2013.02.25"]
[Round "1"]
[White "RD1974"]
[Black "Goldenberg"]
[Result "0-1"]
[WhiteElo "1644"]
[BlackElo "1607"]
[Opening "Sicilian: closed"]
[ECO "B23"]
[Time "18:01:02"]
[TimeControl "2700+45"]

1. e4 c5 2. Nc3 g6 3. d3 Bg7 4. Be3 d6 5. g3 Nf6 6. h3 O-O 7. Qd2 Nc6 8. Nf3 Be6
9. Bg2 Qb6 10. O-O Qxb2 11. Rab1 Qa3 12. Ng5 Nd7 13. Nd5 Rab8 14. c3 Bxd5 15.
exd5 Bxc3 16. Rb3 Qxb3 17. axb3 Bxd2 18. Bxd2 Nd4 19. b4 cxb4 20. Bxb4 Rfc8 21.
Re1 Ne5 22. Re4 Nf5 23. d4 Nd3 24. Bd2 Rc2 25. Nf3 b5 26. g4 Nh4 27. Be3 Nxg2
28. Kxg2 b4 29. Rxe7 b3 30. Bh6 Rxf2+ 31. Kg3 b2 32. Ng5 b1=Q 33. Ne4 Qg1+ 34.
Kh4 Qh2 35. Be3 Rf3 36. Ng5 Qg3# {White checkmated} 0-1

[Event "Team 45 45 League T56"]
[Site "Internet Chess Club"]
[Date "2013.02.23"]
[Round "1"]
[White "DeltaChess"]
[Black "speederz"]
[Result "1/2-1/2"]
[WhiteElo "1312"]
[BlackElo "1431"]
[Opening "Sicilian: closed"]
[ECO "B24"]
[Time "19:02:17"]
[TimeControl "2700+45"]

1. e4 c5 2. Nc3 Nc6 3. g3 g6 4. Bg2 Bg7 5. d3 Nf6 6. Be3 d6 7. Qd2 O-O 8. O-O-O
Qc7 9. h4 h5 10. f3 Bd7 11. Nd5 Nxd5 12. exd5 Ne5 13. Ne2 Qb6 14. d4 Nc4 15. Qc3
Nxe3 16. Qxe3 cxd4 17. Nxd4 Rac8 18. Bh3 Bxh3 19. Rxh3 Qc5 20. c3 Qxd5 21. Kb1
Qe5 22. Qxe5 Bxe5 23. g4 Bxd4 24. Rxd4 Rc5 25. Re4 e6 26. Rd4 d5 27. gxh5 gxh5
28. Rg3+ Kh7 29. Rg5 Kh6 30. Rf4 Rc4 31. Rf6+ Kh7 32. Rxh5+ Kg7 33. Rfh6 Rf4 34.
Rh7+ Kg6 35. R7h6+ Kg7 36. Rh7+ Kf6 {Game drawn by mutual agreement} 1/2-1/2

[Event "Team 45 45 League T56"]
[Site "Internet Chess Club"]
[Date "2013.02.24"]
[Round "1"]
[White "BotanicalKnight"]
[Black "srachuri"]
[Result "1/2-1/2"]
[WhiteElo "1465"]
[BlackElo "1280"]
[Opening "Sicilian: closed, 6.f4"]
[ECO "B25"]
[Time "19:00:34"]
[TimeControl "2700+45"]

1. e4 c5 2. Nc3 Nc6 3. g3 d6 4. Bg2 g6 5. d3 Bg7 6. f4 Nf6 7. h3 O-O 8. Nf3 a6
9. O-O e6 10. g4 b5 11. Rb1 Bd7 12. Qe1 b4 13. Ne2 Ne7 14. Qg3 Ne8 15. h4 f5 16.
exf5 exf5 17. g5 Rb8 18. Bd2 h5 19. gxh6 Bxh6 20. h5 Rf6 21. Kf2 Ng7 22. hxg6
Rxg6 23. Qh3 Re6 24. Ng5 Bxg5 25. fxg5 Qe8 26. Nf4 Re5 27. Rh1 Be6 {Game drawn
by mutual agreement} 1/2-1/2

[Event "Team 45 45 League T56"]
[Site "Internet Chess Club"]
[Date "2013.02.24"]
[Round "1"]
[White "blackphantom888"]
[Black "kingsrook"]
[Result "1-0"]
[WhiteElo "1396"]
[BlackElo "1292"]
[Opening "French: advance, Paulsen attack"]
[ECO "B22"]
[Time "14:57:35"]
[TimeControl "2700+45"]

1. e4 c5 2. c3 e6 3. d4 d5 4. e5 Nc6 5. Nf3 Be7 6. Be3 cxd4 7. cxd4 f6 8. Nc3 a6
9. Bd3 Qc7 10. Bf4 Qa5 11. Qd2 Bd7 12. O-O O-O-O 13. Rfe1 g5 14. exf6 gxf4 15.
fxe7 Ngxe7 16. Qxf4 Rdf8 17. Qe3 h6 18. Ne5 Qc7 19. Nxd7 Qxd7 20. Na4 Kb8 21.
Nc5 Qd6 22. Qxe6 Rd8 23. Qxd6+ Rxd6 24. Nb3 Rf8 25. Rad1 Nf5 26. Bxf5 Rxf5 27.
Re8+ Rd8 28. Rxd8+ Nxd8 29. Re1 Kc8 30. h3 Kc7 31. g4 Rg5 32. Kg2 h5 33. f3 hxg4
34. hxg4 Nc6 35. Kg3 b6 36. f4 Rg8 37. g5 Rh8 38. Re2 Rh1 39. g6 Rh6 40. f5 Nd8
41. Re7+ Kc6 42. Rh7 Rxh7 43. gxh7 Nf7 44. Kg4 Kd6 45. Kh5 Ke7 46. Kg6 Kf8 47.
f6 Nh8+ 48. Kh6 Kf7 49. Nd2 Kxf6 50. Nf3 Nf7+ 51. Kh5 Kg7 52. Ng5 Nd6 53. Kg4
Nb5 54. Nf3 Kxh7 55. Kf5 Kg7 56. Ke5 Kf7 57. Kxd5 Ke7 58. Kc6 Nd6 59. b3 Nc8 60.
Kb7 Kd7 61. Kxa6 Kc6 62. a4 Nd6 63. Ne5+ Kd5 64. Kxb6 Kxd4 65. Nc6+ Kc3 66. b4
Kb3 67. a5 Nc4+ 68. Kc5 Nd2 69. a6 Ne4+ 70. Kb6 Nd6 71. a7 Nc8+ 72. Ka6 Nxa7 73.
Kxa7 Ka4 74. Ka6 Kb3 75. b5 Ka4 76. b6 {Black resigns} 1-0

[Event "Team 45 45 League T56"]
[Site "Internet Chess Club"]
[Date "2013.02.22"]
[Round "1"]
[White "Tjet"]
[Black "g8wrb"]
[Result "1-0"]
[WhiteElo "1471"]
[BlackElo "1410"]
[Opening "English opening"]
[ECO "A20"]
[Time "15:03:49"]
[TimeControl "2700+45"]

1. c4 e5 2. g3 Nf6 3. Bg2 Nc6 4. Nc3 Bc5 5. e3 O-O 6. Nge2 Re8 7. O-O a6 8. a3
d6 9. h3 Be6 10. b4 Ba7 11. Nd5 Rb8 12. e4 Nd4 13. Nxd4 Bxd4 14. Rb1 c6 15.
Nxf6+ Qxf6 16. d3 Red8 17. Kh2 b6 18. Be3 c5 19. Qd2 Qg6 20. Bxd4 cxd4 21. f4
Qh6 22. Rb2 g6 23. f5 Qxd2 24. Rxd2 Bd7 25. fxg6 fxg6 26. Rf6 Ba4 27. Rdf2 Rb7
28. h4 Rg7 29. Bh3 h6 30. h5 gxh5 31. Rxh6 Rg5 32. Rff6 b5 33. Rxd6 Rxd6 34.
Rxd6 bxc4 35. dxc4 Kg7 36. Bf1 Rg6 37. Rxg6+ Kxg6 38. Bd3 Bc6 39. Kg2 Kg5 40.
Kf3 Bd7 41. c5 h4 42. gxh4+ Kxh4 43. Bxa6 Kg5 44. Bb7 Kf6 45. c6 Be6 46. c7 Ke7
47. c8=Q Bxc8 48. Bxc8 Kd6 49. a4 Kc6 50. Be6 Kb6 51. Bd5 Kc7 52. a5 {Black
resigns} 1-0

[Event "Team 45 45 League T56"]
[Site "Internet Chess Club"]
[Date "2013.02.24"]
[Round "1"]
[White "matthewc"]
[Black "stanbeers"]
[Result "0-1"]
[WhiteElo "1373"]
[BlackElo "1509"]
[Opening "Philidor: Hanham variation"]
[ECO "A04"]
[Time "19:56:36"]
[TimeControl "2700+45"]

1. Nf3 d6 2. d4 Nd7 3. e4 e5 4. c3 Be7 5. Be3 Ngf6 6. Bd3 c6 7. Qc2 Qc7 8. Nbd2
Nf8 9. dxe5 dxe5 10. Nc4 Ng6 11. O-O-O b5 12. Ncd2 O-O 13. h4 Ng4 14. Rhf1 Nxe3
15. fxe3 Bg4 16. g3 a5 17. c4 Qb8 18. cxb5 cxb5 19. Kb1 Rc8 20. Qb3 Be6 21. Qxb5
Qa7 22. Nxe5 Nxe5 23. Qxe5 Qxe3 24. Rf3 Qb6 25. Nb3 a4 26. Nd4 Bf6 27. Rxf6 gxf6
28. Qxf6 Bxa2+ 29. Kxa2 Qxf6 30. Nf5 a3 31. e5 axb2+ 32. Kb1 Qd8 33. Nh6+ Kg7
34. Nf5+ Kh8 35. Nh6 Rc1+ 36. Rxc1 bxc1=Q+ 37. Kxc1 Qxd3 38. Nxf7+ Kg7 39. e6
Rc8+ 40. Kb2 Rb8+ 41. Ka2 Qb3+ 42. Ka1 Qb2# {White checkmated} 0-1

[Event "Team 45 45 League T56"]
[Site "Internet Chess Club"]
[Date "2013.02.26"]
[Round "1"]
[White "Fogbound"]
[Black "Fulmar"]
[Result "0-1"]
[WhiteElo "1208"]
[BlackElo "1158"]
[Opening "Queen's pawn, Mason variation"]
[ECO "D00"]
[Time "14:36:43"]
[TimeControl "2700+45"]

1. d4 d5 2. Bf4 e6 3. Nf3 Nf6 4. e3 Be7 5. Bd3 O-O 6. Nbd2 c5 7. c3 c4 8. Bc2
Nc6 9. Ne5 g6 10. Ndf3 Ne4 11. h4 h5 12. Bxe4 dxe4 13. Nd2 Bxh4 14. Nxe4 Be7 15.
Bh6 Re8 16. Rxh5 Nxe5 17. Rxe5 Kh7 18. Qf3 f5 19. Ke2 Kxh6 20. Rh1+ Kg7 21. Qh3
Rh8 22. Qxh8+ Qxh8 23. Rxh8 Kxh8 24. Nd2 Bf6 25. Rc5 b6 26. Rxc4 Ba6 27. Kf3
Bxc4 28. Nxc4 b5 29. Nd6 a6 30. Nb7 a5 31. Nc5 Re8 32. Nd7 Kg7 33. Ke2 Kf7 34.
Nc5 Ke7 35. Nb7 Ra8 36. Nc5 Kd6 37. Nd3 g5 38. b3 Kd5 39. f3 Rc8 40. Kd2 e5 41.
a3 e4 42. Nc5 exf3 43. gxf3 g4 44. Nd7 Ke6 45. Nb6 Rb8 46. d5+ Kd6 {White
resigns} 0-1

[Event "Team 45 45 League T56"]
[Site "Internet Chess Club"]
[Date "2013.02.23"]
[Round "1"]
[White "rahulr"]
[Black "Bible-Believer"]
[Result "0-1"]
[WhiteElo "1559"]
[BlackElo "1560"]
[Opening "QGD: 4.Nf3"]
[ECO "D37"]
[Time "20:01:07"]
[TimeControl "2700+45"]

1. d4 d5 2. c4 e6 3. Nc3 Nf6 4. Nf3 Be7 5. e3 O-O 6. Bd3 dxc4 7. Bxc4 b6 8. O-O
Bb7 9. Qc2 Nbd7 10. e4 c5 11. d5 exd5 12. exd5 Ne8 13. Bf4 Nd6 14. Bd3 Nf6 15.
Rad1 Qd7 16. Ne5 Qc7 17. Rfe1 g6 18. Nc6 Bxc6 19. dxc6 Rfe8 20. Nb5 Qxc6 21.
Nxd6 Bxd6 22. Rxe8+ Rxe8 23. Bxd6 Qxd6 24. Bxg6 hxg6 25. g3 Qe6 26. Qa4 Qe2 27.
Rb1 Ng4 28. Rf1 Re7 29. Qd1 Qxd1 30. Rxd1 Re2 31. h3 Nxf2 32. Rb1 Nxh3+ 33. Kf1
Rh2 34. Re1 Rh1+ 35. Ke2 Rxe1+ 36. Kxe1 f5 37. Ke2 Kf7 38. Kf3 Ke6 39. Ke3 Ke5
40. Kd3 b5 41. Ke3 g5 42. Kd3 f4 43. gxf4+ Kxf4 44. Ke2 g4 45. Kf1 Kf3 {White
resigns} 0-1

[Event "Team 45 45 League T56"]
[Site "Internet Chess Club"]
[Date "2013.02.25"]
[Round "1"]
[White "palm47"]
[Black "Check101"]
[Result "1-0"]
[WhiteElo "1533"]
[BlackElo "1620"]
[Opening "Bird's opening"]
[ECO "A03"]
[Time "21:23:06"]
[TimeControl "2700+45"]

1. f4 d5 2. Nf3 Nf6 3. g3 g6 4. Bg2 Bg7 5. d3 O-O 6. O-O c5 7. Nc3 Nc6 8. e4
dxe4 9. dxe4 Bg4 10. Be3 Nd4 11. e5 Nd5 12. Nxd5 Qxd5 13. Nxd4 Qxg2+ 14. Kxg2
Bxd1 15. Raxd1 cxd4 16. Bxd4 f6 17. e6 Rfd8 18. Rfe1 b6 19. c3 Rd6 20. Bf2 Rad8
21. Rxd6 Rxd6 22. Kf3 f5 23. g4 fxg4+ 24. Kxg4 Bf6 25. Re2 h5+ 26. Kf3 Rd3+ 27.
Ke4 Rd6 28. f5 Kg7 29. Bg3 gxf5+ 30. Kxf5 Rd5+ 31. Ke4 Rg5 32. Bf4 Rg4 33. h3
Rh4 34. Rg2+ Kf8 35. Kf5 Bg7 36. Rg3 {Black resigns} 1-0

[Event "Team 45 45 League T56"]
[Site "Internet Chess Club"]
[Date "2013.02.20"]
[Round "1"]
[White "sockmonkey"]
[Black "KidRattler"]
[Result "1-0"]
[WhiteElo "1644"]
[BlackElo "1459"]
[Opening "Torre attack (Tartakower variation)"]
[ECO "D03"]
[Time "15:00:09"]
[TimeControl "2700+45"]

1. d4 d5 2. Nf3 Nf6 3. Bg5 Nc6 4. Bxf6 exf6 5. e3 Be6 6. Bd3 Bd6 7. O-O Qd7 8.
Nbd2 O-O 9. c4 Nb4 10. Be2 dxc4 11. Nxc4 Bxc4 12. Bxc4 Nc6 13. Rc1 a6 14. Qd2
Bb4 15. Qc2 Bd6 16. a3 Na5 17. Bd3 g6 18. b4 Nc6 19. Nd2 Rfc8 20. Ne4 Kg7 21.
Nc5 Bxc5 22. bxc5 Rd8 23. Rb1 Rab8 24. Rb2 Qc8 25. Rfb1 Na5 26. Bxa6 Qg4 27. Qa4
Ra8 28. Qxa5 Rxa6 29. Qxc7 Rf8 30. h3 Qf5 31. Rxb7 Rxa3 32. Qd7 Qc2 33. R7b2 Qe4
34. c6 Ra2 35. c7 Raa8 36. d5 Qe5 37. d6 Rfc8 38. Rb8 Rcxb8 39. cxb8=Q Rxb8 40.
Rxb8 Qa1+ 41. Kh2 Qe5+ 42. g3 Qa5 43. Qe8 Qd2 44. Qf8# {Black checkmated} 1-0

[Event "Team 45 45 League T56"]
[Site "Internet Chess Club"]
[Date "2013.02.22"]
[Round "1"]
[White "JRussell2"]
[Black "seattleblues"]
[Result "1-0"]
[WhiteElo "1392"]
[BlackElo "1413"]
[Opening "Caro-Kann: Panov-Botvinnik attack"]
[ECO "B13"]
[Time "21:00:45"]
[TimeControl "2700+45"]

1. e4 c6 2. d4 d5 3. exd5 cxd5 4. c4 Nf6 5. Nc3 Nc6 6. Nf3 Bg4 7. Be2 dxc4 8.
Bxc4 e6 9. O-O Rc8 10. Be2 a6 11. Bg5 Be7 12. a3 O-O 13. Rc1 h6 14. Bh4 Nd5 15.
Bg3 Bd6 16. Bh4 Qc7 17. h3 Bh5 18. Nxd5 exd5 19. Re1 Qb6 20. Rc2 Bg6 21. Rd2 Bf4
22. Ne5 Nxe5 23. dxe5 Bxd2 24. Qxd2 Be4 25. Bg4 Rc2 26. Qb4 Qxf2+ 27. Bxf2
{Black resigns} 1-0

[Event "Team 45 45 League T56"]
[Site "Internet Chess Club"]
[Date "2013.02.25"]
[Round "1"]
[White "nanning"]
[Black "krysto"]
[Result "1-0"]
[WhiteElo "1630"]
[BlackElo "1607"]
[Opening "French: King's Indian attack"]
[ECO "C00"]
[Time "15:01:32"]
[TimeControl "2700+45"]

1. e4 e6 2. d3 d5 3. Nd2 Nf6 4. f4 c5 5. Ngf3 Nc6 6. g3 Be7 7. Bg2 b5 8. O-O O-O
9. e5 Nd7 10. c4 Qb6 11. b3 a5 12. Kh1 Bb7 13. cxd5 exd5 14. Bh3 Rfd8 15. e6 Bf6
16. exf7+ Kxf7 17. Ng5+ Kg8 18. Be6+ Kf8 19. Qh5 Ke7 20. Rb1 h6 21. Re1 hxg5 22.
fxg5 Bd4 23. Nf3 Rf8 24. g6 Nf6 25. Bg5 Bf2 26. Bxf6+ Rxf6 27. Re2 Rxe6 28. Rxf2
Rf8 29. Qh7 Ne5 30. Qxg7+ Ke8 31. Nxe5 Rxf2 32. Qd7+ Kf8 33. Qh7 Rxg6 34. Nd7+
Ke8 35. Nxb6 Rxb6 36. Re1+ Kd8 37. Qe7+ Kc8 38. Qxc5+ Rc6 39. Qxf2 {Black
resigns} 1-0

[Event "Team 45 45 League T56"]
[Site "Internet Chess Club"]
[Date "2013.02.24"]
[Round "1"]
[White "origamifun"]
[Black "QuimCatala"]
[Result "0-1"]
[WhiteElo "1380"]
[BlackElo "1409"]
[Opening "Sicilian: Alapin's variation (2.c3)"]
[ECO "B22"]
[Time "13:00:47"]
[TimeControl "2700+45"]

1. e4 c5 2. c3 Nc6 3. Nf3 a6 4. d4 cxd4 5. cxd4 e6 6. Nc3 Qc7 7. Be3 Bb4 8. Rc1
Nf6 9. a3 Bxc3+ 10. bxc3 Nxe4 11. Bd3 d5 12. c4 Qa5+ 13. Nd2 Nxd2 14. Bxd2 Qxa3
15. Qe2 Nxd4 16. Qe3 Nb3 17. Rb1 Nxd2 18. Qxd2 Qd6 19. O-O dxc4 20. Rfe1 cxd3
21. Rb3 O-O 22. Rxd3 Qc6 23. Rg3 g6 24. Rh3 e5 25. Qh6 Bxh3 26. Qxh3 Qd5 27. g4
Qd2 28. Re3 Qc1+ 29. Kg2 Rad8 30. Qf3 Qc6 31. Re4 f5 32. gxf5 Rxf5 33. Qb3+ Kg7
34. f3 Rd2+ 35. Kf1 Rxh2 36. Kg1 Rc2 37. Kf1 Qxe4 38. Qa3 Rxf3+ 39. Kg1 Qe1#
{White checkmated} 0-1

[Event "Team 45 45 League T56"]
[Site "Internet Chess Club"]
[Date "2013.02.25"]
[Round "1"]
[White "tamky70"]
[Black "theartist"]
[Result "1-0"]
[WhiteElo "1422"]
[BlackElo "1107"]
[Opening "Santasiere's folly"]
[ECO "A06"]
[Time "10:18:24"]
[TimeControl "2700+45"]

1. Nf3 d5 2. b4 e6 3. a3 c5 4. Bb2 Nf6 5. d3 Nc6 6. Ne5 Bd6 7. Nxc6 bxc6 8. c4
O-O 9. Nd2 Qb6 10. Rb1 Be7 11. g3 Ba6 12. Bg2 Rfd8 13. cxd5 cxd5 14. O-O Rac8
15. Nb3 cxb4 16. axb4 e5 17. Bxe5 Ng4 18. Bd4 Qb7 19. Nc5 Bxc5 20. bxc5 Qc7 21.
h3 Ne5 22. Re1 f6 23. Qb3 Qb7 24. Qa2 Qc6 25. Ra1 Bb5 26. Rf1 a6 27. Qa5 Rb8 28.
Qc3 Re8 29. Rfd1 Rbd8 30. Qa5 Rd7 31. Qb6 Rb7 32. Qxc6 Bxc6 33. Rxa6 Rd7 34.
Bxe5 fxe5 35. Rxc6 Red8 36. d4 e4 37. e3 Kf7 38. Ra1 Rb8 39. Rb6 Rbd8 40. Raa6
Ke7 41. h4 Rc7 42. Bh3 Kf8 43. Bf5 h6 44. Rd6 Rxd6 45. cxd6 Rc5 46. Ra7 Rb5 47.
Be6 Rb8 48. Rf7+ Kg8 49. Rb7+ {Black resigns} 1-0

[Event "Team 45 45 League T56"]
[Site "Internet Chess Club"]
[Date "2013.02.24"]
[Round "1"]
[White "Fulmar"]
[Black "Macovitski"]
[Result "1-0"]
[WhiteElo "1114"]
[BlackElo "1196"]
[Opening "Scandinavian defense"]
[ECO "B01"]
[Time "09:36:36"]
[TimeControl "2700+45"]

1. e4 d5 2. exd5 Nf6 3. d4 Bg4 4. Be2 Bxe2 5. Nxe2 Nxd5 6. O-O e6 7. c4 Nb6 8.
Qb3 c5 9. Rd1 Qc7 10. Bf4 Qc6 11. Nbc3 Be7 12. d5 Qc8 13. d6 Bf6 14. Nb5 Bd8 15.
Nc7+ Bxc7 16. Qb5+ Nc6 17. dxc7 O-O 18. Qxc5 Nd7 19. Qd6 Re8 20. Qxd7 Qxd7 21.
Rxd7 e5 22. Be3 Rf8 23. Rad1 e4 24. Nd4 Ne5 25. Rd5 Nxc4 26. Rc1 Nb6 27. Rdc5
Rac8 28. Nf5 Nd7 29. Ne7+ Kh8 30. R5c2 g6 31. Nxc8 Rxc8 32. Bh6 Nf6 33. Rd1 Ng8
34. Rd8 {Black resigns} 1-0

[Event "Team 45 45 League T56"]
[Site "Internet Chess Club"]
[Date "2013.02.25"]
[Round "1"]
[White "Cicero"]
[Black "sere"]
[Result "1-0"]
[WhiteElo "1243"]
[BlackElo "1196"]
[Opening "Sicilian: closed"]
[ECO "B23"]
[Time "14:30:16"]
[TimeControl "2700+45"]

1. e4 c5 2. Nc3 d6 3. f4 g6 4. d3 Nf6 5. Nf3 Bg7 6. Be2 O-O 7. O-O Ng4 8. Qe1
Nc6 9. f5 Nb8 10. Ng5 Bd4+ 11. Kh1 Ne3 12. Qh4 h5 13. Bxh5 Nd7 14. Bxg6 Nf6 15.
Bxe3 Bxe3 16. Bh7+ Kg7 17. Nd5 Bxg5 18. Qxg5+ Kxh7 19. Rf4 Kh8 20. Nxf6 {Black
resigns} 1-0

[Event "Team 45 45 League T56"]
[Site "Internet Chess Club"]
[Date "2013.02.22"]
[Round "1"]
[White "MeansToAnEnd"]
[Black "chips"]
[Result "0-1"]
[WhiteElo "1418"]
[BlackElo "1237"]
[Opening "QGD Slav: 3.Nf3"]
[ECO "D11"]
[Time "20:01:38"]
[TimeControl "2700+45"]

1. d4 d5 2. c4 c6 3. Nf3 Bg4 4. Bf4 Bxf3 5. exf3 dxc4 6. Bxc4 e6 7. O-O Nf6 8.
Nc3 Nbd7 9. Ne4 Be7 10. Nd6+ Bxd6 11. Bxd6 Nb6 12. Bxe6 Qxd6 13. Bb3 O-O 14. Qd2
Rad8 15. Rad1 Rd7 16. Qa5 Ra8 17. Rd3 Nfd5 18. Re1 Qb4 19. Qxb4 Nxb4 20. Rde3
Kf8 21. Re4 Rad8 22. Rd1 c5 23. d5 N4xd5 24. Bxd5 Rxd5 25. Rde1 Rd1 26. Kf1
Rxe1+ 27. Kxe1 Re8 28. b3 c4 29. g4 g6 30. Kd2 cxb3 31. axb3 Rd8+ 32. Kc3 Nd5+
33. Kc4 Nb6+ 34. Kc3 Nd5+ 35. Kc4 Nf6 36. Re3 Rc8+ 37. Kd4 Rd8+ 38. Kc4 a6 39.
Kc5 Rb8 40. Kb6 Nd5+ 41. Ka7 Nxe3 42. Kxb8 b5 43. fxe3 a5 44. e4 a4 45. bxa4
bxa4 46. f4 a3 47. e5 a2 48. f5 a1=Q 49. fxg6 hxg6 50. h4 Qxe5+ 51. Kc8 Qe6+ 52.
Kb7 Qxg4 53. h5 Qxh5 54. Kc7 g5 55. Kd7 f5 56. Ke6 f4 57. Ke5 f3 58. Ke4 f2 59.
Ke3 f1=Q 60. Kd2 g4 61. Kc2 g3 62. Kb2 g2 63. Ka2 Qhe2+ 64. Ka3 Qff3+ 65. Ka4
Qee4+ 66. Ka5 Qff5+ 67. Ka6 Qfe6+ 68. Ka7 g1=Q+ 69. Kb8 Q4e5+ 70. Ka8 Qa6#
{White checkmated} 0-1

[Event "Team 45 45 League T56"]
[Site "Internet Chess Club"]
[Date "2013.02.21"]
[Round "1"]
[White "carolinaknight"]
[Black "JRussell2"]
[Result "0-1"]
[WhiteElo "1223"]
[BlackElo "1373"]
[Opening "Tennison (Lemberg, Zukertort) gambit"]
[ECO "B01"]
[Time "20:01:46"]
[TimeControl "2700+45"]

1. e4 d5 2. Nf3 dxe4 3. Ng5 Nf6 4. Nc3 Bf5 5. Bc4 e6 6. d4 h6 7. Nh3 Bd6 8. O-O
Bxh3 9. gxh3 Nc6 10. Qe2 Nxd4 11. Qd2 Nf3+ {White resigns} 0-1

[Event "Team 45 45 League T56"]
[Site "Internet Chess Club"]
[Date "2013.02.24"]
[Round "1"]
[White "seattleblues"]
[Black "fuzzface"]
[Result "0-1"]
[WhiteElo "1385"]
[BlackElo "1360"]
[Opening "Queen's pawn game"]
[ECO "D02"]
[Time "06:30:15"]
[TimeControl "2700+45"]

1. d4 d5 2. Nf3 Bg4 3. Bf4 Nc6 4. e3 e6 5. Nbd2 a6 6. c3 Bd6 7. Bg3 Bxg3 8. hxg3
Nf6 9. Bd3 Qe7 10. Nb3 O-O 11. Qc2 g6 12. Ne5 Nxe5 13. dxe5 Ne4 14. Bxe4 dxe4
15. Qxe4 Bf5 16. Qf4 f6 17. exf6 Rxf6 18. Qe5 Raf8 19. Ke2 Qd6 20. Qxd6 cxd6 21.
Nd4 e5 22. Nb3 Be6 23. Rhg1 Rxf2+ 24. Ke1 Rxb2 {White resigns} 0-1

[Event "Team 45 45 League T56"]
[Site "Internet Chess Club"]
[Date "2013.02.23"]
[Round "1"]
[White "tamky70"]
[Black "medsurg"]
[Result "1/2-1/2"]
[WhiteElo "1417"]
[BlackElo "1290"]
[Opening "English: Bremen system, Keres variation"]
[ECO "A23"]
[Time "19:31:08"]
[TimeControl "2700+45"]

1. c4 e5 2. Nc3 Nf6 3. g3 c6 4. Bg2 d6 5. d3 Be7 6. Bd2 Be6 7. Qb3 Qc7 8. Nf3
O-O 9. O-O Na6 10. Qd1 Rfd8 11. a3 d5 12. b3 Nc5 13. b4 Ncd7 14. c5 b6 15. d4
exd4 16. Nxd4 bxc5 17. Nxe6 fxe6 18. Na4 cxb4 19. axb4 Ne4 20. Bxe4 dxe4 21. Qc2
Nf6 22. Nc5 Bxc5 23. bxc5 Rd5 24. Bf4 Qd7 25. Rad1 Rb8 26. Rxd5 exd5 27. Rb1
Rxb1+ 28. Qxb1 Kf7 29. e3 Qh3 30. Qb7+ Qd7 31. Qa6 h5 32. Kg2 Ke6 33. Qa1 Kf7
34. Bb8 h4 35. h3 hxg3 36. fxg3 Qf5 37. Qxa7+ Kg6 38. Bf4 Qe6 39. Qa1 Nd7 40.
Qd4 Nf6 41. Qe5 Qxe5 42. Bxe5 Nd7 {Game drawn by mutual agreement} 1/2-1/2

[Event "Team 45 45 League T56"]
[Site "Internet Chess Club"]
[Date "2013.02.23"]
[Round "1"]
[White "tcianciola"]
[Black "Tribe97"]
[Result "1-0"]
[WhiteElo "1248"]
[BlackElo "1174"]
[Opening "French: exchange variation"]
[ECO "C01"]
[Time "10:00:42"]
[TimeControl "2700+45"]

1. d4 e6 2. e4 d5 3. exd5 exd5 4. Nf3 Nc6 5. Bb5 Bd7 6. Nc3 Nf6 7. Bg5 Bb4 8.
O-O Bxc3 9. bxc3 h6 10. Bxc6 Bxc6 11. Re1+ Kf8 12. Bh4 g5 13. Bg3 Ne4 14. c4
dxc4 15. Ne5 Nxg3 16. hxg3 Qd5 17. Qf3 Qxf3 18. gxf3 Bd5 19. Nd7+ Kg7 20. Re3
Rhe8 21. Kg2 Rxe3 22. fxe3 Re8 23. e4 Re7 24. Ne5 f6 25. Ng4 Be6 26. Ne3 c6 27.
Rb1 b5 28. c3 a5 29. Re1 b4 30. d5 cxd5 31. exd5 Bxd5 32. Nf5+ Kg6 33. Nxe7+ Kf7
34. Nxd5 b3 35. axb3 cxb3 36. Nb4 a4 37. Rb1 Kg6 38. c4 Kf7 39. Kf2 h5 40. Ke2
h4 41. gxh4 gxh4 42. Kd3 h3 43. Kd4 h2 44. Kc5 a3 45. Rxb3 h1=Q 46. Rxa3 Qh5+
47. Kd4 Qe5+ 48. Kd3 f5 49. Ra7+ Kf6 50. Nd5+ Kg5 51. f4+ Qxf4 52. Nxf4 Kxf4 53.
Rf7 Ke5 54. Kc3 f4 55. c5 Ke4 56. Kc4 f3 57. c6 Ke3 58. Rxf3+ Kxf3 59. c7 {Black
resigns} 1-0